 Dungeon Crawl Stone Soup version 0.26.1-11-gd32895ea62 (webtiles) character file.

Game seed: 8485960091233712496

10 MajorAdolf the Sneak (level 2, 0/25 HPs)
             Began as a Naga Wanderer on July 23, 2021.
             Slain by a gnoll
             ... wielding a +0 club
              (7 damage)
             ... on level 1 of the Dungeon.
             The game lasted 00:00:30 (606 turns).

MajorAdolf the Sneak (Naga Wanderer)                 Turns: 606, Time: 00:00:30

Health: 0/25       AC:  3    Str: 10    XL:     2   Next: 20%
Magic:  3/3        EV:  9    Int: 12    God:
Gold:   39         SH:  0    Dex: 14    Spells: 3/3 levels left

rFire    . . .     SeeInvis +   a - +2 dagger
rCold    . . .     Faith    .   (no shield)
rNeg     . . .     Spirit   .   g - +0 leather armour {Will+}
rPois    +         Reflect  .   (no helmet)
rElec    .         Harm     .   f - +0 cloak
rCorr    .         Rampage  .   (no gloves)
Will     +....                  (no barding)
Stlth    ++........             (no amulet)
HPRegen  0.08/turn              (no ring)
MPRegen  0.08/turn              (no ring)

@: very slow
A: large, see invisible, deformed body, poison resistance, slowness 2, spit
poison 1, AC +0
a: Spit Poison


You were on level 1 of the Dungeon.
You visited 1 branch of the dungeon, and saw 1 of its levels.

You collected 39 gold pieces.

Inventory:

Hand Weapons
 a - a +2 dagger (weapon)
 c - a +0 spear
Armour
 e - a +0 robe
 f - a +0 cloak (worn)
 g - a +0 leather armour of willpower (worn)
Scrolls
 d - 3 scrolls of teleportation
 h - a scroll of fear {unknown}
 i - 2 scrolls of identify {unknown}
Potions
 b - a potion of heal wounds


   Skills:
 - Level 1.0 Fighting
 + Level 1.8 Short Blades
 - Level 2.0 Polearms
 - Level 1.0 Dodging
 - Level 3.0 Stealth
 - Level 1.0 Spellcasting
 - Level 2.0 Transmutations
 - Level 1.0 Evocations


You had 3 spell levels left.
You didn't know any spells.
Your spell library was empty.

Dungeon Overview and Level Annotations

Branches:
Dungeon (1/15)

Altars:


Innate Abilities, Weirdness & Mutations

You cannot wear boots.
Your serpentine skin is tough. (AC +0)
You have supernaturally acute eyesight. (SInv)
Armour fits poorly on your strangely shaped body.
Your system is resistant to poisons. (rPois)
You cover ground very slowly.
You can spit poison.


Message History

A hobgoblin comes into view.
Found a scroll labelled WUSHRU JACI.
A hobgoblin is nearby!
A hobgoblin is nearby!
The hobgoblin shouts!
A gnoll comes into view. It is wielding a +0 club.
The hobgoblin hits you.
Found a whip.
You hit the hobgoblin but do no damage. The hobgoblin hits you.
You barely miss the hobgoblin.
The hobgoblin hits you but does no damage.
You barely miss the hobgoblin. The hobgoblin closely misses you.
You hit the gnoll.
The gnoll is lightly wounded.
The gnoll hits you with a +0 club. The hobgoblin hits you.
* * * LOW HITPOINT WARNING * * *
You are too injured to fight recklessly!
Unknown command.
The gnoll hits you with a +0 club!
You die...

#.#.###..#.#
##
#.#.###..#.#
#.#...#..#.#
#.###.#..#.#
#.#.#.#..#.#
#.#.#......#
#.#...#..###
#.#####..#
#....†@g.#
########.#
######
#.......g#
#.....
#........#
#.....
)........#
#.....
.....?...#
#.....
.####.....
#.....
#....##
#.....
####.#
#.....


You could see a gnoll.

Vanquished Creatures
  An ooze (D:1)
  A goblin (D:1)
  A kobold (D:1)
  A bat (D:1)
  2 frilled lizards (D:1)
  A rat (D:1)
7 creatures vanquished.

Notes
Turn   | Place    | Note
-------+----------+-------------------------------------------
     0 | D:1      | MajorAdolf the Naga Wanderer began the quest for the Orb.
     0 | D:1      | MajorAdolf set off with the following items: a +2 dagger, a
                  | potion of heal wounds, a +0 spear, a scroll of
                  | teleportation, a +0 robe
     0 | D:1      | Reached XP level 1. HP: 18/18 MP: 2/2
   272 | D:1      | Reached skill level 1 in Short Blades
   480 | D:1      | Reached XP level 2. HP: 25/25 MP: 3/3
   606 | D:1      | Slain by a gnoll

Illustrated notes

Levels and vault maps discovered:
D:1:      dpeg_arrival_radiant, layout_basic, lexackson_kobold_supper

Skill      XL: |  1 |
---------------+----+-----
Short Blades   | 1 |  1.8
Fighting       | |  1.0
Polearms       | |  2.0
Dodging        | |  1.0
Stealth        | |  3.0
Spellcasting   | |  1.0
Transmutations | |  2.0
Evocations     | |  1.0

Action                   || total
-------------------------++-------
Melee: Dagger            ||    18
 Stab: Sleeping          ||     1
Armor: Leather armour    ||     4
Dodge: Dodged            ||     9
